 Dungeon Crawl Stone Soup version 0.30-a0-743-gbfdf073431 (webtiles) character file.

Game seed: 4228804270845263627

10 mistaj the Shield-Bearer (level 2, -2/16 HPs)
             Began as a Vine Stalker Fighter on Feb 6, 2023.
             Succumbed to a kobold's poison
             ... on level 1 of the Dungeon.
             The game lasted 00:00:23 (308 turns).

mistaj the Shield-Bearer (Vine Stalker Fighter)      Turns: 308, Time: 00:00:23

Health: -2/16      AC:  6    Str: 18    XL:     2   Next: 20%
Magic:  3/3        EV:  9    Int:  8    God:
Gold:   42         SH:  4    Dex: 13    Spells: 1/1 levels left

rFire   . . .      SeeInvis .    a - +0 rapier
rCold   . . .      Faith    .    c - +0 buckler
rNeg    . . .      Spirit   +    b - +0 scale mail
rPois   .          Reflect  .    (no helmet)
rElec   .          Harm     .    (no cloak)
rCorr   .          Rampage  .    (no gloves)
Will    .....                    (no boots) Stlth
                                 (no amulet)
HPRegen 0.22/turn                (no ring)
MPRegen 0.08/turn                (no ring)

@: lethally poisoned (-2 -> -14)
A: fangs 2, magic shield, antimagic bite, no potion heal 2
a: no special abilities


You were on level 1 of the Dungeon.
You visited 1 branch of the dungeon, and saw 1 of its levels.

You collected 42 gold pieces.

Inventory:

Hand Weapons
 a - a +0 rapier (weapon)
Armour
 b - a +0 scale mail (worn)
 c - a +0 buckler (worn)
Potions
 d - a potion of might


   Skills:
 + Level 2.9 Fighting
 + Level 2.0 Short Blades
 - Level 2.4 Armour
 + Level 2.9 Shields


You had one spell level left.
You didn't know any spells.
Your spell library contained the following spells:

 Spells                   Type           Power      Damage    Failure   Level
 Cigotuvi's Dreadful Rot  Necr/Pois/Air  0%         N/A       95%         2
 Poisonous Vapours        Pois/Air       0%         N/A       95%         2
 Mephitic Cloud           Conj/Pois/Air  0%         N/A       99%         3
 Portal Projectile        Hex/Tloc       0%         N/A       99%         3
 Tukima's Dance           Hex            0%         N/A       99%         3
 Blade Hands              Tmut           0%         N/A       100%        5


Dungeon Overview and Level Annotations

Branches:
Dungeon (1/15)

Altars:


Innate Abilities, Weirdness & Mutations

You have extremely sharp teeth.
When hurt, damage is shared between your health and your magic reserves.
Your bite disrupts and absorbs the magic of your enemies.
Potions cannot restore your health.


Message History

A goblin comes into view. It is wielding a +0 dagger.
The goblin shouts!
You hit the goblin.
The goblin is moderately wounded.
You block the goblin's attack.
You hit the goblin.
You kill the goblin!
No target in view!
No target in view!
You see here a +0 dagger.
Found a hand axe.
You see here a +0 dagger.
A kobold comes into view. It is wielding a +0 dagger of venom.
The kobold shouts!
The kobold throws a stone.
The stone hits you but does no damage.
A kobold is nearby!
You barely miss the kobold. The kobold hits you but does no damage.
You are poisoned.
The kobold hits you with a +0 dagger of venom.
You are lethally poisoned!
You completely miss the kobold.
You feel very sick. The kobold hits you but does no damage.
You are more poisoned.
You closely miss the kobold.
* * * LOW HITPOINT WARNING * * *
You feel very sick. The kobold hits you but does no damage.
You are too injured to fight recklessly!
You are too injured to fight recklessly!
You are too injured to fight recklessly!
You are too injured to fight recklessly!
You hit the kobold. Your bite misses the kobold.
The kobold is severely wounded.
* * * LOW HITPOINT WARNING * * *
You feel very sick. The kobold barely misses you.
You closely miss the kobold. Your bite misses the kobold.
The kobold is severely wounded.
You die...

....#
....#
#...# ##.#
### .# ..#
# #.# #.#
#K# ###
#@# #.#
#.# #)#
#.# #.#
### #.#
#.#####.##
#.#
#...)...>#
#.#
#######.##
#.# #.#
#.# #.#
#.#


You could see a kobold.

Vanquished Creatures
  A ball python (D:1)
  A bat (D:1)
  A goblin (D:1)
  3 hobgoblins (D:1)
  A quokka (D:1)
  A rat (D:1)
8 creatures vanquished.

Notes
Turn   | Place    | Note
-------+----------+-------------------------------------------
     0 | D:1      | mistaj the Vine Stalker Fighter began the quest for the
                  | Orb.
     0 | D:1      | Reached XP level 1. HP: 11/11 MP: 2/2
    70 | D:1      | Reached XP level 2. HP: 16/16 MP: 3/3
   308 | D:1      | Succumbed to a kobold's poison

Illustrated notes

Levels and vault maps discovered:
D:1:      dpeg_arrival_arbitrary_a, layout_loops_ring, grunt_decor_resistance,
          serial_bayou_lagoon_a

Skill      XL: |  1 |
---------------+----+-----
Short Blades   | 2 |  2.0
Fighting       | |  2.9
Armour         | |  2.4
Shields        | |  2.9

Action                     || total
---------------------------++-------
  Melee: Rapier            ||    32
         Bite              ||     6
 Armour: Scale mail        ||    14
  Dodge: Dodged            ||    12
  Block: Buckler           ||    10

Table legend: (Time is in decaauts)
 A = Elapsed time spent in this place.
 B = Non-inter-level travel time spent in this place.
 C = Inter-level travel time spent in this place.
 D = Time resting spent in this place.
 E = Time spent auto-exploring this place.
 F = Levels seen in this place.
 G = Mean time per level.
                   A        B        C        D        E       F      G
               +--------+--------+--------+--------+--------+-----+--------+
         Total |    312 |    312 |      0 |    108 |    136 |   1 |  312.0 |
       Dungeon |    312 |    312 |      0 |    108 |    136 |   1 |  312.0 |
               +--------+--------+--------+--------+--------+-----+--------+

Top non-repeatable levels by time:
     D:1: 312 daAuts
